 Dungeon Crawl Stone Soup version 0.22-a0-161-g198051c (webtiles) character file.

132 packetloss the Firebug (level 5, -2/36 HPs)
             Began as a Human Fire Elementalist on Feb 10, 2018.
             Slain by a gnoll
             ... wielding a +0 halberd
              (6 damage)
             ... on level 3 of the Dungeon.
             The game lasted 00:25:12 (3861 turns).

packetloss the Firebug (Human Fire Elementalist)    Turns: 3861, Time: 00:25:13

Health: -2/36      AC:  2    Str:  9    XL:     5   Next: 38%
Magic:  9/9        EV: 12    Int: 16    God:
Gold:   200        SH:  0    Dex: 13    Spells: 3/9 levels left

rFire    . . .     SeeInvis .   a - +0 spear
rCold    . . .     Gourm    .   (no shield)
rNeg     . . .     Faith    .   j - +0 robe
rPois    .         Spirit   .   (no helmet)
rElec    .         Reflect  .   (no cloak)
rCorr    .         Harm     .   (no gloves)
MR       .....                  (no boots)
Stlth    ++........             (no amulet)
HPRegen  0.12/turn              (no ring)
MPRegen  0.11/turn              (no ring)

@: no status effects
A: no striking features
a: no special abilities


You were on level 3 of the Dungeon.
You were not hungry.

You visited 1 branch of the dungeon, and saw 4 of its levels.

You collected 200 gold pieces.

Inventory:

Hand Weapons
 a - a +0 spear (weapon)
   (You found it on level 1 of the Dungeon)
 d - a +0 club
   (You took it off a hobgoblin on level 1 of the Dungeon)
 k - a +0 whip
   (You found it on level 1 of the Dungeon)
Missiles
 e - 59 stones (quivered)
 i - 17 bolts
 n - 20 poisoned needles
Armour
 j - a +0 robe (worn)
 m - a +0 leather armour
   (You found it on level 1 of the Dungeon)
Jewellery
 h - an uncursed ring of positive energy {unknown}
   (You found it on level 1 of the Dungeon)
Scrolls
 f - a scroll of teleportation {unknown}
 g - a scroll of enchant weapon {unknown}
 l - 2 scrolls of magic mapping {unknown}
 r - a scroll of remove curse {unknown}
 s - 2 scrolls of fog {unknown}
Potions
 o - 3 potions of heal wounds {unknown}
 p - a potion of agility {unknown}
 q - a potion of curing {unknown}
Books
 b - a book of Flames
Comestibles
 c - 7 rations
 t - a chunk of flesh {@w0}


   Skills:
 + Level 0.6 Fighting
 + Level 1.0 Polearms
 + Level 2.3 Dodging
 + Level 2.8 Stealth
 + Level 2.7 Spellcasting
 * Level 2.1 Conjurations
 * Level 3.8 Fire Magic


You had 3 spell levels left.
You knew the following spells:

 Your Spells              Type           Power        Failure   Level  Hunger
a - Flame Tongue          Conj/Fire      ##...        5%          1    #......
c - Conjure Flame         Conj/Fire      ##......     17%         3    ###....
x - Throw Flame           Conj/Fire      ##....       9%          2    ##.....


Dungeon Overview and Level Annotations

Branches:
Dungeon (4/15)
 Temple: D:4-7

Altars:
Okawaru

Annotations:
D:3 50%, GuildmasterMusic's ghost, weakling SpAs


Message History

Health restored: 36
There is a stone staircase leading down here.
You open the door.
There is an open door here.
There is a stone staircase leading down here.
You climb downwards.
A gnoll comes into view. It is wielding a whip.
There is a stone staircase leading up here.
Spoiler Alert: The gnoll (sleeping) can hit for moderate damage in melee, and throws nets!
You can't see any susceptible monsters within range! (Use Z to cast anyway.) Spoiler Alert: The gnoll (sleeping) can hit for moderate damage in melee, and throws nets!
Aim: a gnoll, wielding a whip (resting)
You miscast Throw Flame.
You are very lightly contaminated with residual magic.
Your skin glows momentarily.
Spoiler Alert: The gnoll (sleeping) can hit for moderate damage in melee, and throws nets!
You now have 7/9 mp.
Okay, then.
Spoiler Alert: The gnoll (sleeping) can hit for moderate damage in melee, and throws nets!
Unknown command.
Spoiler Alert: The gnoll (sleeping) can hit for moderate damage in melee, and throws nets!
Aim: a gnoll, wielding a whip (resting)
The puff of flame hits the gnoll.
The gnoll shouts!
You hear a shout! x3 3 gnolls come into view.
Danger x4: gnoll x4!
You now have 5/9 mp.
Aim: a gnoll, wielding a whip (lightly wounded)
The flame tongue misses the gnoll.
You now have 4/9 mp.
Unknown command.
The gnoll hits you with a whip.
You climb upwards.
Level annotation: 50%, GuildmasterMusic's ghost, weakling SpAs
There is a stone staircase leading down here.
Spoiler Alert: The gnoll can hit for moderate damage in melee, and throws nets!
You take 4 damage, and have 32/36 hp.
Unknown command.
Aim: a gnoll, wielding a whip The flame tongue misses the gnoll.
The gnoll misses you.
You now have 3/9 mp.
Unknown command.
Spoiler Alert: The gnoll can hit for moderate damage in melee, and throws nets!
Aim: a gnoll, wielding a whip The flame tongue hits the gnoll.
You are feeling hungry.
The gnoll hits you with a whip!
You take 7 damage, and have 25/36 hp.
You now have 2/9 mp.
Unknown command.
Spoiler Alert: The gnoll can hit for moderate damage in melee, and throws nets!
Aim: a gnoll, wielding a whip (lightly wounded)
The flame tongue hits the gnoll.
The gnoll misses you.
You now have 1/9 mp.
Unknown command.
Aim: a gnoll, wielding a whip (moderately wounded)
The flame tongue hits the gnoll.
The gnoll barely misses you.
Spoiler Alert: The gnoll can hit for moderate damage in melee, and throws nets!
Unknown command.
Unknown command.
You hit the gnoll.
You kill the gnoll!
Your Polearms skill increases to level 1!
Things that are here:
a whip; a gnoll corpse You butcher the gnoll corpse.
t - 4 chunks of flesh {@w0} (gained 1)
You see here a whip.
There is a stone staircase leading down here.
You start resting.
Eating one of 4 chunks of flesh {@w0}.
You eat one of the 4 chunks of flesh {@w0}.
Your magical contamination has completely faded away.
You start resting.
You regained 6 hp, and now have 32/36 hp.
You regained 5 mp, and now have 7/9 mp.
You start resting.
Some of the chunks of flesh in your inventory have rotted away.
You regained 2 hp, and now have 34/36 hp.
MP restored: 9 You start resting.
Health restored: 36 You climb downwards.
The gnoll hits you with a halberd!!
Ouch! That really hurt!
The gnoll misses you.
There is a stone staircase leading up, spattered with blood here.
Warning x2: The gnoll can hit for moderate damage in melee, and throws nets! x2
You take 18 damage, and have 18/36 hp.
MASSIVE DAMAGE!!
Unknown command.
The gnoll hits you with a halberd!
* * * LOW HITPOINT WARNING * * *
The gnoll barely misses you.
You climb upwards.
Level annotation: 50%, GuildmasterMusic's ghost, weakling SpAs
There is a stone staircase leading down here.
Spoiler Alert: The gnoll can hit for moderate damage in melee, and throws nets!
You take 14 damage, and have 4/36 hp.
MASSIVE DAMAGE!!
Unknown command.
Unknown command.
The gnoll hits you from afar with a halberd.
You die...

###.# #.# ####
....# ##.## #...
##..####...#####.##
#....o..........#
##o####...########
###K# ##.## # ..<.#
#.# # ##### #.# #
##@## # ##>..## # #
##.g...## # ####
#.......## ##
...##.........####.
....+.........'....
.#.##.........####.
##.###.......## ##
##.####.....## #


You could see a gnoll.

Vanquished Creatures
  A hound (D:4)
  4 gnolls
  An adder (D:4)
  A worm (D:2)
  A leopard gecko (D:3)
  4 orcs
  3 giant cockroaches
  6 hobgoblins
  4 jackals
  10 kobolds
  2 quokkas
  2 bats
  2 frilled lizards
  A goblin (D:2)
  7 rats
49 creatures vanquished.

Notes
Turn   | Place    | Note
-------+----------+-------------------------------------------
     0 | D:1      | packetloss the Human Fire Elementalist began the quest for the Orb.
     0 | D:1      | Reached XP level 1. HP: 13/13 MP: 3/3
   206 | D:1      | Reached XP level 2. HP: 16/19 MP: 1/5
  1207 | D:3      | Noticed GuildmasterMusic's ghost (weakling SpAs)
  1514 | D:2      | Reached XP level 3. HP: 22/24 MP: 1/6
  1705 | D:2      | Learned a level 2 spell: Throw Flame
  1709 | D:2      | Learned a level 3 spell: Conjure Flame
  2391 | D:3      | Noticed a big kobold
  3178 | D:4      | Reached XP level 4. HP: 19/30 MP: 1/7
  3305 | D:4      | Found an iron altar of Okawaru.
  3424 | D:4      | Noticed an ogre
  3468 | D:4      | Reached skill level 2 in Conjurations
  3475 | D:4      | Reached XP level 5. HP: 31/36 MP: 0/9
  3632 | D:4      | Noticed an orc warrior
  3769 | D:3      | Reached skill level 1 in Polearms
  3859 | D:4      | HP: 4/36 [gnoll/halberd (14)]
  3861 | D:3      | Slain by a gnoll

Vault maps used:
D:1:      tarquinn_simple_flora_water_e
D:2:      first_ration
D:3:      minmay_goblin_kobold_castle, amethyst_overflow_temple_binary
D:4:      marbit_many_paths, cheibriados_altar_1, temple_statues,
          guppyfry_early_orc_mine

Skill      XL: |  1  2  3  4  5 |
---------------+----------------+-----
Conjurations   | 2 |  2.1
Polearms       | 1 |  1.0
Fighting       | |  0.6
Dodging        | |  2.3
Stealth        | |  2.8
Spellcasting   | |  2.7
Fire Magic     | |  3.8

Action                   |  1- 3 |  4- 6 || total
-------------------------+-------+-------++-------
Melee: Club              |    10 |       ||    10
       Spear             |    53 |     7 ||    60
 Cast: Flame Tongue      |    43 |    25 ||    68
       Throw Flame       |     7 |     3 ||    10
       Conjure Flame     |     4 |       ||     4
  Eat: Chunk             |     5 |     3 ||     8
       Ration            |     1 |       ||     1
Armor: Robe              |     9 |     2 ||    11
Dodge: Dodged            |    40 |    18 ||    58

Table legend:
 A = Spawn XP
 B = Non-spawn XP
 C = Spawn XP percentage of total XP
 D = Spawn monster count
 E = Non-spawn monster count
 F = Spawn count percentage of total count
 G = Total turns spent on level
                    A         B        C        D         E        F      G
               +---------+---------+-------+---------+---------+-------+---------
         Total |       0 |     189 |   0.0 |       0 |      49 |   0.0 |  3861
               +---------+---------+-------+---------+---------+-------+---------
           D:1 |       0 |      19 |   0.0 |       0 |      12 |   0.0 |  1201
           D:2 |       0 |      19 |   0.0 |       0 |      12 |   0.0 |  1351
           D:3 |       0 |      31 |   0.0 |       0 |      11 |   0.0 |   890
           D:4 |       0 |     120 |   0.0 |       0 |      14 |   0.0 |   419
               +---------+---------+-------+---------+---------+-------+---------

Vault maps used:
D:1:      tarquinn_simple_flora_water_e
D:2:      first_ration
D:3:      minmay_goblin_kobold_castle, amethyst_overflow_temple_binary
D:4:      marbit_many_paths, cheibriados_altar_1, temple_statues,
          guppyfry_early_orc_mine

Table legend:
 A = Turns spent in this place as a percentage of turns spent in the entire game.
 B = Non-inter-level travel turns spent in this place as a percentage of non-inter-level travel turns spent in the entire game.
 C = Inter-level travel turns spent in this place as a percentage of turns spent in this place.
 D = Turns resting spent in this place as a percentage of non-inter-level travel turns spent in this place.
 E = Turns spent auto-exploring this place as a percentage of non-inter-level travel turns spent in this place.
 F = Non-inter-level travel turns spent in this place divided by the number of levels of this place that you've seen.
                   A       B       C       D       E      F
               +-------+-------+-------+-------+-------+----------------------
         Total | 100.0 | 100.0 |   9.7 |  33.7 |  29.7 | 871.2
       Dungeon | 100.0 | 100.0 |   9.7 |  33.7 |  29.7 | 871.2
               +-------+-------+-------+-------+-------+----------------------

Table legend:
 A = Kills in this place as a percentage of kills in entire the game.
 B = Kills by you in this place as a percentage of kills by you in the entire game.
 C = Kills by friends in this place as a percentage of kills by friends in the entire game.
 D = Other kills in this place as a percentage of other kills in the entire game.
 E = Experience gained in this place as a percentage of experience gained in the entire game.
 F = Experience gained in this place divided by the number of levels of this place that you have seen.
                   A       B       C       D       E      F
               +-------+-------+-------+-------+-------+----------------------
         Total | 100.0 | 100.0 |   N/A |   N/A | 100.0 |  47.2
       Dungeon | 100.0 | 100.0 |   N/A |   N/A | 100.0 |  47.2
               +-------+-------+-------+-------+-------+----------------------
